 Dungeon Crawl Stone Soup version 0.30-a0-242-g7bf8e6d787 (webtiles) character file.

Game seed: 18010980027550861046

3 IdlyInterested the Charlatan (level 1, 0/14 HPs)
             Began as a Demonspawn Wanderer on Oct 11, 2022.
             Slain by a hobgoblin (1 damage)
             ... on level 1 of the Dungeon.
             The game lasted 00:01:08 (128 turns).

IdlyInterested the Charlatan (Demonspawn Wanderer)   Turns: 128, Time: 00:01:08

Health: 0/14       AC:  3    Str: 13    XL:     1   Next: 41%
Magic:  0/2        EV: 11    Int: 13    God:
Gold:   0          SH:  0    Dex: 11    Spells: 1/2 levels left

rFire   . . .      SeeInvis .    a - +2 dagger
rCold   . . .      Faith    .    (no shield)
rNeg    . . .      Spirit   .    e - +0 robe
rPois   .          Reflect  .    (no helmet)
rElec   .          Harm     .    (no cloak)
rCorr   .          Rampage  .    j - +0 pair of gloves
Will    .....                    (no boots)
Stlth   +.........               (no amulet)
HPRegen 0.22/turn                (no ring)
MPRegen 0.08/turn                (no ring)

@: no status effects
A: no striking features
a: no special abilities


You were on level 1 of the Dungeon.
You visited 1 branch of the dungeon, and saw 1 of its levels.

Inventory:

Hand Weapons
 a - a +2 dagger (weapon)
 i - a +0 short sword
Missiles
 b - 3 curare-tipped darts
Armour
 e - a +0 robe (worn)
 j - a +0 pair of gloves (worn)
Scrolls
 g - a scroll of blinking {unknown}
 h - a scroll of vulnerability {unknown}
Potions
 d - 3 potions of heal wounds
 f - a potion of invisibility {unknown}
Miscellaneous
 c - a piece from Xom's chessboard (15/15)


   Skills:
 * Level 0.6 Fighting
 - Level 3.6 Throwing
 + Level 0.3 Stealth
 - Level 1.0 Spellcasting
 - Level 1.1 Necromancy
 - Level 4.0 Evocations


You had one spell level left.
You knew the following spells:

 Your Spells              Type           Power      Damage    Failure   Level
a - Necrotise             Necr           12%        1d4       19%         1

Your spell library contained the following spells:

 Spells                   Type           Power      Damage    Failure   Level
 Vampiric Draining        Necr           3%         2d6       47%         3
 Dazzling Flash           Conj/Hex       0%         N/A       63%         3
 Agony                    Necr           3%         N/A       99%         5
 Silence                  Hex/Air        0%         N/A       100%        5


Dungeon Overview and Level Annotations

Branches:
Dungeon (1/15)

Altars:


Message History

Unknown command.
You don't have enough magic to cast this spell.
You don't have enough magic to cast this spell.
You hit the hobgoblin but do no damage.
The hobgoblin is almost dead.
The hobgoblin barely misses you.
You closely miss the rat. The hobgoblin barely misses you.
The rat bites you but does no damage.
You hit the rat.
You kill the rat!
The hobgoblin hits you but does no damage.
You hit the endoplasm.
The endoplasm is heavily wounded.
The hobgoblin barely misses you. The endoplasm freezes you.
You are frozen.
You hit the endoplasm but do no damage.
The endoplasm is heavily wounded.
The hobgoblin barely misses you. The endoplasm freezes you.
You are frozen.
You hit the endoplasm but do no damage.
You punch the endoplasm, but do no damage.
The endoplasm is heavily wounded.
The endoplasm freezes you.
You are frozen.
* * * LOW HITPOINT WARNING * * *
The hobgoblin misses you.
Your magical contamination has completely faded away.
You hit the endoplasm.
The endoplasm is severely wounded.
The hobgoblin hits you but does no damage.
The endoplasm freezes you.
You are frozen.
* * * LOW HITPOINT WARNING * * *
Unknown command.
You hit the endoplasm.
The endoplasm is almost dead.
The endoplasm barely misses you. The hobgoblin hits you.
You die...

##################
...#.....#.......#
...#.....#.......# .
.>.......#.......###...$
...####.........@J......
...######......##g...###
†......##......# ....#
.......##......# ....#
...............# ....#
...............# ....#
......................
#.#####................
................


You could see an endoplasm and a hobgoblin.

Vanquished Creatures
  A ball python (D:1)
  A kobold (D:1)
  A rat (D:1)
3 creatures vanquished.

Notes
Turn   | Place    | Note
-------+----------+-------------------------------------------
     0 | D:1      | IdlyInterested the Demonspawn Wanderer began the quest for
                  | the Orb.
     0 | D:1      | IdlyInterested set off with the following items: a +2
                  | dagger, 3 curare-tipped darts, a piece from Xom's
                  | chessboard (15/15), a potion of heal wounds, a +0 robe; and
                  | the following spell memorised: Necrotise; and the following
                  | spells available to memorise: Vampiric Draining.
     0 | D:1      | Reached XP level 1. HP: 13/13 MP: 2/2
    15 | D:1      | Found a faded altar of an unknown god.
   128 | D:1      | Slain by a hobgoblin

Illustrated notes

Levels and vault maps discovered:
D:1:      dpeg_arrival_tiny_h, layout_basic, ebering_ecumenical_altar_petrified,
          minmay_indecisive_spiral

Action                   || total
-------------------------++-------
Melee: Dagger            ||    12
       Punch             ||     1
 Cast: Necrotise         ||     3
Armor: Robe              ||     4
Dodge: Dodged            ||    11

Table legend: (Time is in decaauts)
 A = Elapsed time spent in this place.
 B = Non-inter-level travel time spent in this place.
 C = Inter-level travel time spent in this place.
 D = Time resting spent in this place.
 E = Time spent auto-exploring this place.
 F = Levels seen in this place.
 G = Mean time per level.
                   A        B        C        D        E       F      G
               +--------+--------+--------+--------+--------+-----+--------+
         Total |    128 |    128 |      0 |     11 |     62 |   1 |  128.0 |
       Dungeon |    128 |    128 |      0 |     11 |     62 |   1 |  128.0 |
               +--------+--------+--------+--------+--------+-----+--------+

Top non-repeatable levels by time:
     D:1: 128 daAuts
